 Dungeon Crawl Stone Soup version 0.17.0-28-g6e173f8 (console) character file.

10699 Kloppie the Caregiver (level 11, -5/97 HPs)
             Began as a Centaur Fighter on Nov 29, 2015.
             Was a Believer of Elyvilon.
             Slain by a spiny frog (20 damage)
             ... on level 1 of the Lair of Beasts.
             The game lasted 00:23:49 (17975 turns).

Kloppie the Caregiver (Centaur Fighter)            Turns: 17975, Time: 00:23:49

Health: -5/97      AC: 12    Str: 19    XL:     11   Next: 39%
Magic:  18/18      EV:  6    Int:  7    God:    Elyvilon [**....]
Gold:   609        SH:  8    Dex: 12    Spells: 0 memorised, 10 levels left

rFire  . . .     SeeInvis .     a - +1 war axe
rCold  . . .     Clarity  .     t - +0 chain mail
rNeg   . . .     SustAt   .     c - +0 shield
rPois  .         Gourm    .     (no helmet)
rElec  .         Spirit   .     y - +1 cloak
rCorr  .         Warding  .     i - +0 pair of gloves
rMut   .         Stasis   .     (no barding)
MR     .....                    (no amulet)
Stlth  ..........               (no ring)
                                s - +3 ring of evasion

@: very quick, not resistant to hostile enchantments, extremely unstealthy
A: hooves 3, deformed body, speed 2, tough skin 3
a: Lesser Healing, Heal Other, Divine Protection, Renounce Religion


You were on level 1 of the Lair of Beasts.
You worshipped Elyvilon.
Elyvilon was pleased with you.
You were not hungry.

You visited 3 branches of the dungeon, and saw 13 of its levels.

You collected 609 gold pieces.

Inventory:

Hand Weapons
 a - a +1 war axe (weapon)
 o - a +0 war axe
Armour
 b - a +0 scale mail
 c - a +0 shield (worn)
 i - a +0 pair of gloves (worn)
 t - a +0 chain mail (worn)
 v - a +0 plate armour
 y - a +1 cloak (worn)
Jewellery
 h - an uncursed ring of flight
 k - an uncursed ring of ice
 l - a +5 ring of intelligence
 s - a +3 ring of evasion (left hand)
 z - a +3 ring of dexterity
 D - an uncursed ring of protection from magic
Wands
 f - a wand of digging (14)
 n - a wand of fire (6)
 K - a wand of cold (8)
Scrolls
 g - a scroll of teleportation
 m - a scroll of recharging
 w - a scroll of blinking
 A - 3 scrolls of enchant armour
 C - 2 scrolls of enchant weapon
 J - 2 scrolls of remove curse
Potions
 d - a potion of agility {unknown}
 j - 3 potions of lignification
 p - 6 potions of brilliance
 r - a potion of invisibility
 u - a potion of mutation
 B - a potion of cancellation
 G - 2 potions of curing
 H - a potion of berserk rage
Comestibles
 e - 4 bread rations


   Skills:
 - Level 9.1 Fighting
 - Level 10.0 Axes
 + Level 6.2 Armour
 - Level 2.1 Shields
 - Level 10.1 Invocations


You had 10 spell levels left.
You didn't know any spells.

Dungeon Overview and Level Annotations

Branches:
Dungeon (10/15)            Temple (1/1) D:4            Lair (2/8) D:9
    Orc: D:9-12

Altars:
Ashenzari
Cheibriados
Dithmenos
Elyvilon
Fedhas
Gozag
Kikubaaqudgha
Makhleb
Nemelex Xobeh
Okawaru
Qazlal
Ru
Sif Muna
Trog
Vehumet
Xom
Yredelemnul
Zin
The Shining One

Shops:
D:5 }   D:8 !

Annotations:
D:9 exclusion: oklob plant
D:10 PossumBlood's ghost, journeyman HuFi


Innate Abilities, Weirdness & Mutations

You have hooves in place of feet.
Armour fits poorly on your strangely shaped body.
You cover ground very quickly.
You have extremely tough skin (AC +3).


Message History

The spiny frog is lightly wounded.
The spiny frog stings you but does no damage.
Your shield and chain mail prevent you from hitting the spiny frog.
The spiny frog is lightly wounded.
The spiny frog stings you!
* * * LOW HITPOINT WARNING * * *
You are lethally poisoned!
The spiny frog poisons you!
You slash the spiny frog!
The spiny frog is moderately wounded.
* * * LOW HITPOINT WARNING * * *
You feel sick. The spiny frog stings you! Elyvilon protects you from harm!
Drink which item? (? for menu, Esc to quit)
You don't have any such object.
Drink which item? (? for menu, Esc to quit)
You don't have any such object.
Drink which item? (? for menu, Esc to quit)
You feel better. The spiny frog stings you!!
You die...

## ### .##### ##@######
.....##########.#F....#######
............P....F....>..#..#
........##..................#
.........###................#
.........# ##...............#
.........# #................#
.........####...............#
.........##................##


You could see a spiny frog and a blink frog.

Vanquished Creatures
  Erolcha (D:9)
  A hill giant (D:10)
  3 elephants
  Joseph (D:8)
  Psyche (D:9)
  A komodo dragon (Lair:1)
  A centaur skeleton (D:9)
  A spiny frog (Lair:1)
  A fire drake (Lair:1)
  A two-headed ogre (D:8)
  A polar bear (Lair:2)
  Grinder (D:3)
  3 blink frogs (Lair:2)
  A deep elf mage (D:8)
  A wyvern (D:9)
  Sigmund (D:5)
  2 yaks (D:9)
  A hungry ghost (D:8)
  2 hippogriffs
  Grum (D:7)
  Menkaure (D:6)
  2 wolves
  Duvessa (D:5)
  3 orc warriors
  2 porcupines
  An ogre (D:5)
  A necrophage (D:8)
  An ice beast (D:6)
  A centaur (D:9)
  3 sky beasts
  2 crocodiles
  Blork the orc (D:6)
  3 giant frogs
  Dowan (D:5)
  2 scorpions
  6 crimson imps
  A giant frog zombie (D:5)
  9 orc priests
  3 jellies
  4 iguanas
  4 quasits
  8 hounds
  6 orc wizards
  A sheep (D:9)
  4 worker ants
  3 hound zombies
  10 river rats
  2 shadow imps
  8 adders
  3 oozes
  An adder zombie (D:7)
  3 worms
  7 giant geckos
  46 orcs
  9 bats
  3 giant cockroaches
  12 goblins
  13 hobgoblins
  2 jackals
  6 kobolds
  7 quokkas
  2 ball pythons
  A giant newt (D:2)
  A jackal skeleton (D:7)
  A quokka skeleton (D:5)
  7 rats
244 creatures vanquished.

Vanquished Creatures (others)
  6 fungi
6 creatures vanquished.

Grand Total: 250 creatures vanquished

Notes
Turn   | Place    | Note
--------------------------------------------------------------
     0 | D:1      | Kloppie the Centaur Fighter began the quest for the Orb.
     0 | D:1      | Reached XP level 1. HP: 19/19 MP: 1/1
   140 | D:1      | Reached XP level 2. HP: 24/26 MP: 2/2
   631 | D:2      | Reached XP level 3. HP: 22/31 MP: 3/3
  1185 | D:2      | Reached XP level 4. HP: 33/38 MP: 4/4
  1199 | D:2      | Reached skill level 4 in Axes
  2081 | D:3      | Reached skill level 5 in Axes
  2081 | D:3      | Reached XP level 5. HP: 31/45 MP: 5/5
  2375 | D:3      | Noticed Grinder
  2378 | D:3      | Paralysed by Grinder for 2 turns
  2391 | D:3      | Paralysed by Grinder for 2 turns
  2395 | D:3      | Killed Grinder
  2395 | D:3      | Reached skill level 6 in Axes
  2395 | D:3      | Reached XP level 6. HP: 15/51 MP: 6/6
  2905 | D:3      | HP: 2/51 [something (2)]
  2911 | D:3      | HP: 1/51 [orc/hand axe (1)]
  3690 | D:4      | Found a snail-covered altar of Cheibriados.
  3815 | D:4      | Reached skill level 7 in Axes
  3815 | D:4      | Reached XP level 7. HP: 55/57 MP: 7/7
  4048 | D:4      | Found a glowing golden altar of the Shining One.
  4097 | D:4      | Found a staircase to the Ecumenical Temple.
  4106 | Temple   | Entered the Ecumenical Temple
  4570 | D:4      | Found a deep blue altar of Sif Muna.
  4663 | D:4      | Found a shattered altar of Ashenzari.
  4746 | D:5      | Entered Level 5 of the Dungeon
  4748 | D:5      | Found Duhufenu's Gadget Emporium.
  4795 | D:5      | Found a white marble altar of Elyvilon.
  4802 | D:5      | Noticed Duvessa
  4803 | D:5      | Noticed Dowan
  4806 | D:5      | Became a worshipper of Elyvilon the Healer
  4822 | D:5      | Killed Duvessa
  4822 | D:5      | Reached skill level 5 in Fighting
  5086 | D:5      | Killed Dowan
  5276 | D:5      | Noticed Sigmund
  5284 | D:5      | Reached XP level 8. HP: 67/70 MP: 8/8
  5305 | D:5      | Killed Sigmund
  5739 | D:6      | Reached skill level 8 in Fighting
  5923 | D:6      | Noticed Menkaure
  5929 | D:6      | Killed Menkaure
  5973 | D:6      | Noticed Blork the orc
  5982 | D:6      | Killed Blork the orc
  6108 | D:6      | Reached * piety under Elyvilon
  6713 | D:7      | Reached XP level 9. HP: 75/81 MP: 9/9
  6831 | D:7      | Reached skill level 9 in Axes
  7672 | D:8      | Noticed Grum
  7855 | D:7      | Killed Grum
  8024 | D:8      | Reached skill level 10 in Axes
  8052 | D:8      | Reached skill level 1 in Invocations
  8084 | D:8      | Found a shimmering altar of Xom.
  8096 | D:8      | Found Zarghot's Distillery.
  8440 | D:8      | Noticed Joseph
  8681 | D:9      | Reached ** piety under Elyvilon
  8685 | D:9      | Noticed Psyche
  8764 | D:8      | Killed Joseph
  8764 | D:8      | Reached skill level 5 in Invocations
  9505 | D:8      | Reached XP level 10. HP: 79/87 MP: 14/14
  9656 | D:9      | Killed Psyche
  9708 | D:9      | Noticed Erolcha
  9718 | D:9      | Killed Erolcha
 10145 | D:9      | Found a staircase to the Lair.
 10145 | D:9      | Noticed an elephant
 10680 | D:9      | Found a blossoming altar of Fedhas.
 10693 | D:9      | Noticed an oklob plant
 10775 | D:9      | Noticed a centaur skeleton
 10787 | D:9      | Killed a centaur skeleton
 10787 | D:9      | Reached skill level 10 in Invocations
 10990 | D:9      | Killed an elephant
 11217 | Lair:1   | Entered Level 1 of the Lair of Beasts
 11508 | Lair:1   | Reached *** piety under Elyvilon
 11526 | Lair:1   | Noticed a six-headed hydra
 11548 | Lair:1   | Pacified a six-headed hydra
 12996 | D:10     | Entered Level 10 of the Dungeon
 13000 | D:10     | Noticed a hill giant
 13027 | D:10     | Killed a hill giant
 13064 | D:10     | Noticed PossumBlood's ghost (journeyman HuFi)
 13798 | D:10     | Noticed a hill giant
 13814 | D:9      | Reached XP level 11. HP: 83/97 MP: 18/18
 14824 | Lair:2   | Noticed a seven-headed hydra
 14947 | Lair:2   | Pacified a seven-headed hydra
 15008 | Lair:2   | Reached skill level 5 in Armour
 16945 | Lair:2   | HP: 4/97 [blink frog (11)]
 17974 | Lair:1   | Elyvilon protects you from harm!
 17975 | Lair:1   | Slain by a spiny frog

Action                   |  1- 3 |  4- 6 |  7- 9 | 10-12 || total
-------------------------+-------+-------+-------+-------++-------
Melee: War axe           |   122 |   156 |   472 |   475 ||  1225
Invok: Heal Other        |       |       |       |     3 ||     3
       Lesser Healing    |       |       |       |     1 ||     1
Evoke: Wand              |       |       |       |     1 ||     1
  Use: Potion            |       |     1 |     1 |     7 ||     9
       Scroll            |       |       |    12 |    12 ||    24
  Eat: Chunk             |     1 |     7 |    15 |     7 ||    30
       Fruit             |       |       |     2 |       ||     2
       Meat ration       |       |       |     1 |     2 ||     3
       Pizza             |       |       |       |     1 ||     1
       Bread ration      |       |       |       |     2 ||     2
